 Dungeon Crawl Stone Soup version 0.29.1-15-g9cfb28693d (webtiles) character file.

Game seed: 2431749859720904431

161941 sizableburger the Arsonist (level 17, -2/238 HPs)
             Began as a Naga Fire Elementalist on Mar 23, 2023.
             Was a High Priest of Ashenzari.
             Slain by Saint Roka
             ... wielding a +4 antimagic battleaxe
              (5 damage)
             ... on level 2 of the Snake Pit on Mar 31, 2023.
             The game lasted 03:12:17 (51577 turns).

sizableburger the Arsonist (NaFE)                  Turns: 51577, Time: 03:12:18

Health: -2/238     AC: 17    Str: 11    XL:     17   Next: 50%
Magic:  0/36       EV: 19    Int: 27    God:    Ashenzari [*****.]
Gold:   2383       SH: 12    Dex: 18    Spells: 13/47 levels left

rFire   + + +      SeeInvis +   i - staff of earth (curse) {Evo, Bglg}
rCold   + . .      Faith    .   R - +0 kite shield {reflect}
rNeg    . . .      Spirit   +   H - +1 robe of the Pangnostic Omen {Contam rF+++ rC+ Dex+4, Self, Bglg} (curse)
rPois   +          Reflect  +   D - +2 helmet of Ashenzari's Comet {Alch, Elem} (curse)
rElec   .          Harm     .   w - +2 cloak of the All-seeing Comet {Cun, Elem} (curse)
rCorr   .          Rampage  .   d - +1 pair of gloves "Celestial Awkwardness" {Self, Evo} (curse)
Will    ++...      Clarity  +   (no barding)
Stlth   ..........              s - amulet of the Tethered Comet {Spirit, Evo, Fort} (curse)
HPRegen 0.49/turn               E - ring "I Foresaw This" {Int+6, Cun, Elem} (curse)
MPRegen 0.25/turn               l - ring "Shackled Trepidation" {EV+4, Cun, Elem} (curse)

@: berserking (expiring), quick
A: AC +5, large, see invisible, deformed body, poison resistance, slowness 2,
spit poison 1, naga tail 2
}: 1/15 runes: barnacled
a: Spit Poison, Renounce Religion, Curse Item, Shatter the Chains


You were on level 2 of the Snake Pit.
You worshipped Ashenzari.
Ashenzari was extremely pleased with you.
You visited 6 branches of the dungeon, and saw 23 of its levels.
You visited the Abyss 1 time.
You also visited: Volcano.

You collected 2622 gold pieces.
You spent 239 gold pieces at shops.

Inventory:

Hand Weapons
 a - a +2 dagger of draining
 g - the +8 whip "Snakebite" {venom, curare, rPois}
   (You found it on level 3 of the Lair of Beasts)

   It poisons the flesh of those it strikes.
   It occasionally inflicts asphyxiating poison on those it strikes, dealing
   poison damage and causing slowness.
   rPois:     It protects you from poison.
Missiles
 G - 5 throwing nets
Armour
 d - the cursed +1 pair of gloves "Celestial Awkwardness" (worn) {Self, Evo}
   (You found it on level 2 of the Dungeon)

   It has a curse which improves the following skills: Introspection: Fighting
   and Spellcasting.
   Evocations: Evocations.
 k - a +1 leather armour of willpower
 w - the cursed +2 cloak of the All-seeing Comet (worn) {Cun, Elem}
   (You found it on level 3 of the Lair of Beasts)

   It has a curse which improves the following skills: Cunning: Dodging and
   Stealth.
   Elements:  Fire Magic, Ice Magic, Air Magic and Earth Magic.
 B - +0 steam dragon scales
 C - a +0 buckler
 D - the cursed +2 helmet of Ashenzari's Comet (worn) {Alch, Elem}
   (You bought it in a shop on level 8 of the Dungeon)

   It has a curse which improves the following skills: Alchemy: Poison Magic and
   Transmutations.
   Elements:  Fire Magic, Ice Magic, Air Magic and Earth Magic.
 H - the cursed +1 robe of the Pangnostic Omen (worn) {Contam rF+++ rC+ Dex+4, Self, Bglg}
   (You bought it in a shop on level 2 of the Orcish Mines)

   Dex:       It affects your dexterity (+4).
   rF:        It renders you almost immune to fire.
   rC:        It protects you from cold.
   Contam:    It causes magical contamination when unequipped.
   It has a curse which improves the following skills: Introspection: Fighting
   and Spellcasting.
   Beguiling: Conjurations, Hexes and Translocations.
 R - a +0 kite shield of reflection (worn)
Magical Staves
 i - a cursed staff of earth (weapon) {Evo, Bglg}
Jewellery
 l - the cursed ring "Shackled Trepidation" (right hand) {EV+4, Cun, Elem}
   (You found it on level 4 of the Dungeon)

   [ring of evasion]

   EV:        It affects your evasion (+4).
   It has a curse which improves the following skills: Cunning: Dodging and
   Stealth.
   Elements:  Fire Magic, Ice Magic, Air Magic and Earth Magic.
 r - a +4 ring of protection
 s - the cursed amulet of the Tethered Comet (around neck) {Spirit, Evo, Fort}
   (You found it on level 3 of the Dungeon)

   [amulet of guardian spirit]

   It causes incoming damage to be divided between your reserves of health and
   magic.
   It has a curse which improves the following skills: Evocations: Evocations.
   Fortitude: Armour and Shields.
 y - a ring of willpower
 E - the cursed ring "I Foresaw This" (left hand) {Int+6, Cun, Elem}
   (You took it off an orc warrior on level 8 of the Dungeon)

   [ring of intelligence]

   Int:       It affects your intelligence (+6).
   It has a curse which improves the following skills: Cunning: Dodging and
   Stealth.
   Elements:  Fire Magic, Ice Magic, Air Magic and Earth Magic.
 I - a ring of protection from fire
 K - a +6 ring of intelligence
 M - a ring of wizardry
 S - a ring of protection from cold
 U - the ring of Paranoia {Ice rN+ Str-4 Int+5}
   (You found it on level 3 of the Shoals)

   [ring of ice]

   It enhances your ice magic.
   Str:       It affects your strength (-4).
   Int:       It affects your intelligence (+5).
   rF:        It makes you vulnerable to fire.
   rC:        It protects you from cold.
   rN:        It protects you from negative energy.
Wands
 o - a wand of iceblast (8)
 t - a wand of flame (49)
 x - a wand of acid (2)
 O - a wand of polymorph (4)
 T - a wand of paralysis (1)
Scrolls
 c - 3 scrolls of amnesia
 f - 3 scrolls of poison
 z - 4 scrolls of enchant weapon
 A - 2 scrolls of fog
 F - 2 scrolls of silence
 J - a scroll of brand weapon
 L - a scroll of magic mapping
 Q - 5 scrolls of blinking
Potions
 b - 2 potions of magic
 e - 2 potions of berserk rage
 h - 2 potions of degeneration
 j - a potion of curing
 m - 5 potions of attraction
 n - 3 potions of mutation
 p - a potion of resistance
 q - 7 potions of flight
 u - 2 potions of cancellation
 v - 4 potions of brilliance
Miscellaneous
 N - a box of beasts


   Skills:
 - Level 8.6(12.1) Fighting
 - Level 10.5 Staves
 - Level 4.1(6.2) Armour
 - Level 5.9(10.3) Dodging
 - Level 3.0(6.6) Stealth
 + Level 7.6(10.0) Shields
 - Level 12.1(15.5) Spellcasting
 + Level 9.6(13.0) Conjurations
 - Level 7.4(10.9) Hexes
 - Level 9.2(12.7) Translocations
 - Level 12.3(17.8) Fire Magic
 - Level 4.0(8.8) Air Magic
 + Level 8.6(14.0) Earth Magic
 - Level 8.5(13.0) Evocations


You had 13 spell levels left.
You knew the following spells:

 Your Spells              Type           Power      Damage    Failure   Level
a - Foxfire               Conj/Fire      100%       2x1d9     0%          1
b - Scorch                Fire           100%       2d10      0%          2
c - Conjure Flame         Conj/Fire      81%        6-21      1%          3
d - Inner Flame           Hex/Fire       78%        N/A       1%          3
e - Flame Wave            Conj/Fire      81%        2d18      1%          4
f - Swiftness             Air            62%        N/A       1%          3
g - Passage of Golubria   Tloc           74%        N/A       1%          4
h - Passwall              Tmut/Erth      61%        N/A       1%          2
i - Dispersal             Tloc           37%        N/A       3%          6
j - Searing Ray           Conj           100%       2d8       1%          2
k - Fulminant Prism       Conj/Hex       36%        3d18      1%          4

Your spell library contained the following spells:

 Spells                   Type           Power      Damage    Failure   Level
 Magic Dart               Conj           100%       1d8       1%          1
 Slow                     Hex            100%       N/A       1%          1
 Ensorcelled Hibernation  Hex/Ice        100%       N/A       1%          2
 Confusing Touch          Hex            68%        N/A       1%          3
 Gell's Gravitas          Tloc           74%        N/A       1%          3
 Lesser Beckoning         Tloc           74%        N/A       1%          3
 Portal Projectile        Hex/Tloc       100%       N/A       1%          3
 Summon Guardian Golem    Hex/Summ       50%        N/A       1%          3
 Teleport Other           Tloc           74%        N/A       1%          3
 Tukima's Dance           Hex            68%        N/A       1%          3
 Cause Fear               Hex            34%        N/A       1%          4
 Silence                  Hex/Air        32%        N/A       2%          5
 Summon Small Mammal      Summ           80%        N/A       4%          1
 Ozocubu's Armour         Ice            25%        N/A       10%         3
 Yara's Violent Unravell  Hex/Tmut       25%        3d11      12%         5
 Call Canine Familiar     Summ           20%        N/A       14%         3
 Vampiric Draining        Necr           20%        2d7       14%         3
 Enfeeble                 Hex            34%        N/A       41%         7
 Blade Hands              Tmut           11%        N/A       73%         5
 Lehudib's Crystal Spear  Conj/Erth      48%        10d11     75%         8
 Dragon Form              Tmut           11%        N/A       100%        7
 Ozocubu's Refrigeration  Ice            12%        4d10      100%        7
 Dragon's Call            Summ           10%        N/A       100%        9


Dungeon Overview and Level Annotations

Branches:
Dungeon (9/15)             Temple (1/1) D:4            Lair (5/5) D:9
 Shoals (4/4) Lair:2        Snake (2/4) Lair:2        Slime (0/5) Lair:4
    Orc (2/2) D:9             Elf (0/3) Orc:2       Volcano (visited)

Altars:
Ashenzari
Cheibriados
Dithmenos
Elyvilon
Gozag
Hepliaklqana
Kikubaaqudgha
Makhleb
Qazlal
Ru
Sif Muna
Trog
Uskayaw
Vehumet
Wu Jian
Xom
Yredelemnul
Jiyva

Shops:
D:4 [   D:8 =[(((   Orc:2 [[:=*   Shoals:4 =

Annotations:
Shoals:1 3 runed translucent doors, Nefam's ghost, adept DsGl
Snake:1 2 transporters, Gelion's ghost, journeyman DEFE
Snake:2 Saint Roka


Innate Abilities, Weirdness & Mutations

Your serpentine skin is tough. (AC +5)
You have supernaturally acute eyesight. (SInv)
Armour fits poorly on your strangely shaped body.
Your system is resistant to poisons. (rPois)
You cover ground very slowly.
You can spit poison.
You can use your snake-like lower body to constrict enemies.


Message History

Saint Roka is severely wounded.
You constrict Saint Roka. You hit Saint Roka but do no damage.
You shatter Saint Roka!
Saint Roka is severely wounded.
You constrict Saint Roka, but do no damage.
Saint Roka hits you with a +4 antimagic battleaxe!!
* * * LOW HITPOINT WARNING * * *
You are too berserk!
You hit Saint Roka but do no damage.
Saint Roka is severely wounded.
You constrict Saint Roka. You hit Saint Roka but do no damage.
Saint Roka is severely wounded.
You constrict Saint Roka.
Saint Roka mumbles some strange prayers to Beogh against you.
Beogh smites you!
* * * LOW HITPOINT WARNING * * *
You hit Saint Roka but do no damage.
You shatter Saint Roka!
Saint Roka is almost dead.
You constrict Saint Roka. You hit Saint Roka but do no damage.
Saint Roka is almost dead.
You constrict Saint Roka.
Saint Roka calls down the wrath of Beogh upon you.
Beogh smites you!
* * * LOW HITPOINT WARNING * * *
You hit Saint Roka.
Saint Roka is almost dead.
You constrict Saint Roka, but do no damage.
You hit Saint Roka.
Saint Roka is almost dead.
You constrict Saint Roka. Saint Roka misses you.
You hit Saint Roka but do no damage.
Saint Roka is almost dead.
You constrict Saint Roka. You hit Saint Roka!
Saint Roka is almost dead.
You constrict Saint Roka, but do no damage.
Saint Roka hits you with a +4 antimagic battleaxe.
You die...

#.# *,,......# ....,, *,,*
.## **, .....# ##...#* *, ,
.#######.....###....#
.########...###.....## *,
.########.####.......##* ,
..#.......###.........## *
...######..#...........#
...######....)..))......*
..#######..##...@o))....*
.########..###..#).)....,
.#######..#####.##......,*
.#######.#######.##).... ,
.#######.#####*,..#..#..,**
.######..#### *...###*#* *
* #.#####..### #...#* **,,,
.....##.##### .... * * *
........#####** ,,, * *


You could see Saint Roka.

Vanquished Creatures
  Jorgrun (Orc:2)
  Donald (Orc:2)
  A nagaraja (Snake:1)
  Ilsuiw (Shoals:4)
  4 merfolk javelineers
  11 merfolk impalers (Shoals:4)
  5 hydras
  4 merfolk avatars
  4 anacondas
  A boulder beetle (Lair:1)
  2 alligator snapping turtles (Shoals:4)
  A two-headed ogre (D:9)
  2 centaur warriors
  A catoblepas (Lair:5)
  2 satyrs (Shoals:4)
  A dancing weapon (Volcano)
  4 naga warriors
  4 merfolk aquamancers (Shoals:1)
  7 orc high priests
  2 naga sharpshooters (Snake:1)
  4 shock serpents (Snake:1)
  A fire crab (Lair:5)
  16 sea snakes
  A swamp dragon (Shoals:1)
  A naga ritualist (Snake:2)
  19 harpies
  6 wizards
  9 orc knights
  4 mana vipers
  9 fauns
  5 cyclopes
  3 salamanders
  10 manticores
  5 toenail golems (Volcano)
  12 merfolk sirens
  3 elephants
  A guardian serpent (Snake:2)
  25 black mambas
  5 naga magi
  8 water nymphs
  13 cane toads
  Maurice (Orc:2)
  8 komodo dragons
  A torpor snail (Lair:5)
  Psyche (D:8)
  2 rime drakes
  10 wind drakes
  12 polar bears
  2 trolls
  18 merfolk
  16 blink frogs
  3 raiju (Lair:5)
  15 snapping turtles
  4 large abominations
  13 dream sheep
  Sigmund (D:3)
  13 water elementals
  35 yaks
  5 wyverns
  4 basilisks
  3 fire bats (Lair:5)
  3 steam dragons
  7 wargs
  9 nagas
  Menkaure (D:4)
  5 small abominations (D:9)
  22 water moccasins
  14 hell hounds (Lair:5)
  Duvessa (D:6)
  An acid dragon (D:9)
  42 orc warriors
  14 black bears
  2 ice beasts
  2 sky beasts
  15 wolves
  10 centaurs
  9 ogres
  2 phantoms
  A necrophage (D:6)
  2 kobold brigands
  8 bullfrogs
  2 gnoll sergeants (D:8)
  2 scorpions
  8 wights
  Dowan (D:6)
  6 killer bees (D:8)
  3 electric eels
  A howler monkey (D:4)
  2 hounds
  A gnoll bouda (Orc:2)
  6 jellies
  30 orc priests
  3 iguanas (D:4)
  Ijyb (D:3)
  15 orc wizards
  5 hell rats (Lair:3)
  17 gnolls
  15 adders
  A shadow imp (D:6)
  2 white imps
  2 ufetubi
  A worm (D:2)
  7 dart slugs
  89 orcs
  10 endoplasms
  3 giant cockroaches
  10 goblins
  10 hobgoblins
  6 quokkas
  11 ball pythons
  4 bats
  5 frilled lizards
  18 kobolds
  2 rats
855 creatures vanquished.

Vanquished Creatures (collateral kills)
  A naga ritualist (Snake:1)
  An oklob plant (Lair:5)
  A cane toad (Lair:5)
  A basilisk (Lair:5)
  10 foxfires
14 creatures vanquished.

Vanquished Creatures (others)
  A merfolk aquamancer (Shoals:3)
  A water elemental (Shoals:3)
  1293 foxfires
  43 fulminant prisms
  27 fungi
  204 plants
1569 creatures vanquished.

Grand Total: 2438 creatures vanquished

Notes
Turn   | Place    | Note
-------+----------+-------------------------------------------
     0 | D:1      | sizableburger the Naga Fire Elementalist began the quest
                  | for the Orb.
     0 | D:1      | Reached XP level 1. HP: 15/15 MP: 3/3
   145 | D:1      | Reached XP level 2. HP: 19/22 MP: 1/5
   874 | D:1      | Reached XP level 3. HP: 28/28 MP: 3/6
  1162 | D:1      | Learned a level 2 spell: Scorch
  1916 | D:2      | Found a faded altar of an unknown god.
  2124 | D:1      | Reached XP level 4. HP: 31/36 MP: 3/8
  2882 | D:2      | Reached XP level 5. HP: 34/43 MP: 3/10
  3073 | D:3      | Learned a level 3 spell: Conjure Flame
  3077 | D:3      | Learned a level 3 spell: Inner Flame
  3077 | D:3      | Noticed Ijyb
  3084 | D:3      | Killed Ijyb
  3085 | D:3      | Reached skill level 1 in Fighting
  3252 | D:3      | Noticed Sigmund
  3258 | D:3      | Killed Sigmund
  3259 | D:3      | Reached skill level 1 in Hexes
  3259 | D:3      | Reached XP level 6. HP: 41/51 MP: 0/12
  3821 | D:4      | Noticed Menkaure
  3951 | D:4      | Found Ryaw's Antique Armour Shop.
  4003 | D:4      | Reached skill level 5 in Fire Magic
  4178 | D:4      | Killed Menkaure
  4179 | D:4      | Reached XP level 7. HP: 27/57 MP: 8/13
  4551 | D:4      | Found a staircase to the Ecumenical Temple.
  4578 | Temple   | Entered the Ecumenical Temple
  4706 | Temple   | Became a worshipper of Ashenzari the Shackled
  4757 | D:4      | Found an ornate altar of the Wu Jian Council.
  5730 | D:4      | Found an opulent altar of Gozag.
  5923 | D:5      | Entered Level 5 of the Dungeon
  5930 | D:5      | Reached XP level 8. HP: 68/68 MP: 1/14
  6984 | D:6      | Reached skill level 5 in Spellcasting
  7327 | D:6      | Found a basalt altar of Yredelemnul.
  7500 | D:6      | Found a burning altar of Makhleb.
  7512 | D:6      | Reached XP level 9. HP: 75/79 MP: 12/17
  7600 | D:6      | Found a white marble altar of Elyvilon.
  7606 | D:6      | Learned a level 4 spell: Flame Wave
  8029 | D:6      | Reached skill level 5 in Fighting
  8203 | D:6      | Reached * piety under Ashenzari
  8393 | D:6      | Noticed Duvessa
  8393 | D:6      | Noticed Dowan
  8398 | D:6      | Killed Dowan
  8402 | D:6      | Killed Duvessa
  9671 | D:8      | Found a shimmering blue altar of Sif Muna.
  9691 | D:8      | Reached skill level 5 in Conjurations
  9749 | D:8      | Learned a level 3 spell: Swiftness
  9759 | D:8      | Reached skill level 1 in Air Magic
  9763 | D:8      | Reached XP level 10. HP: 92/92 MP: 9/20
  9885 | D:8      | Noticed Psyche
  9892 | D:8      | Killed Psyche
 10109 | D:8      | Found a sacrificial altar of Ru.
 10110 | D:8      | Found Isavo's Weapon Emporium.
 10488 | D:8      | Found Cemelat's Armour Boutique.
 10490 | D:8      | Found Jatotuox's Antique Weapon Shoppe.
 10494 | D:8      | Bought a +0 helmet for 63 gold pieces
 10520 | D:8      | Found Ocsump's Antique Weapon Shoppe.
 10541 | D:8      | Reached ** piety under Ashenzari
 10587 | D:8      | Found Huef's Jewellery Shop.
 11108 | D:9      | Identified the +0 ring mail of Elyvilon's Castigation
                  | {Int+5}
 11166 | D:9      | Noticed a five-headed hydra
 11177 | D:9      | Killed a five-headed hydra
 11183 | D:9      | Learned a level 4 spell: Passage of Golubria
 11510 | D:9      | Reached skill level 1 in Translocations
 12087 | D:9      | Learned a level 2 spell: Passwall
 12167 | D:9      | Found a staircase to the Orcish Mines.
 12205 | D:9      | Reached skill level 1 in Earth Magic
 12429 | D:9      | Reached XP level 11. HP: 96/98 MP: 9/23
 12816 | D:9      | Found a staircase to the Lair.
 13426 | D:9      | Noticed a two-headed ogre
 13438 | D:9      | Killed a two-headed ogre
 13562 | D:9      | Noticed a wizard
 13566 | D:9      | Killed a wizard
 13812 | Lair:1   | Entered Level 1 of the Lair of Beasts
 14029 | Lair:1   | Reached skill level 5 in Translocations
 14279 | Lair:1   | Noticed a five-headed hydra
 14393 | Lair:1   | Killed a five-headed hydra
 14493 | Lair:1   | Reached skill level 5 in Earth Magic
 15372 | Lair:1   | Noticed a boulder beetle
 15383 | Lair:1   | Killed a boulder beetle
 15384 | Lair:1   | Reached XP level 12. HP: 37/106 MP: 1/24
 15947 | Lair:2   | Noticed a six-headed hydra
 15953 | Lair:2   | Killed a six-headed hydra
 16797 | Lair:2   | Found a staircase to the Shoals.
 16965 | Lair:2   | Found a staircase to the Snake Pit.
 17695 | Lair:3   | Noticed an eight-headed hydra
 17700 | Lair:3   | Killed an eight-headed hydra
 17701 | Lair:3   | Reached skill level 10 in Fire Magic
 19493 | Lair:3   | Found the +8 whip "Snakebite" {venom, curare, rPois}
 20975 | Lair:4   | Gained mutation: You can use your snake-like lower body to
                  | constrict enemies. [Naga growth]
 20975 | Lair:4   | Reached XP level 13. HP: 82/117 MP: 9/26
 21257 | Lair:4   | Reached *** piety under Ashenzari
 21496 | Lair:4   | Found a staircase to the Slime Pits.
 21496 | Lair:4   | Found a viscous altar of Jiyva.
 21990 | Lair:4   | Learned a level 6 spell: Dispersal
 21991 | Lair:5   | Entered Level 5 of the Lair of Beasts
 22006 | Lair:5   | Reached skill level 1 in Evocations
 22261 | Lair:5   | Reached skill level 5 in Dodging
 22268 | Lair:5   | Found a dark tunnel.
 22319 | Lair:5   | Learned a level 2 spell: Searing Ray
 22320 | Volcano  | Entered a volcano
 22484 | Abyss:2  | Cast into level 2 of the Abyss (a wizard)
 22525 | Abyss:2  | Reached skill level 10 in Spellcasting
 22542 | Volcano  | Escaped the Abyss
 23680 | Lair:5   | Reached skill level 1 in Staves
 24098 | Lair:5   | Reached skill level 5 in Evocations
 24640 | Lair:5   | Reached XP level 14. HP: 80/127 MP: 8/28
 28248 | Orc:1    | Entered Level 1 of the Orcish Mines
 28263 | Orc:1    | Reached **** piety under Ashenzari
 28516 | Orc:1    | Reached skill level 5 in Staves
 29258 | Orc:2    | Entered Level 2 of the Orcish Mines
 29258 | Orc:2    | Found a staircase to the Elven Halls.
 29361 | Orc:2    | Noticed Jorgrun
 29369 | Orc:2    | Killed Jorgrun
 29369 | Orc:2    | Noticed Donald
 30163 | Orc:2    | Found Hywn's Assorted Antiques.
 30244 | Orc:2    | Noticed Maurice
 30251 | Orc:2    | Killed Maurice
 30631 | Orc:2    | Killed Donald
 34354 | Orc:2    | Reached skill level 1 in Shields
 34386 | Orc:2    | HP: 5/133 [orc warrior/+0 dire flail (9)]
 34922 | Orc:2    | Reached XP level 15. HP: 71/140 MP: 5/33
 35478 | Orc:2    | Found Barypuf's Book Shoppe.
 35481 | Orc:2    | Found Dosoq's Armour Emporium.
 35482 | Orc:2    | Found Osuex's Jewellery Shoppe.
 35483 | Orc:2    | Found Radghuph's Antique Armour Shoppe.
 35501 | Orc:2    | Bought an ancient robe for 176 gold pieces
 35501 | Orc:2    | Identified the +1 robe of the Tick {Contam rF+++ rC+ Dex+4}
                  | (You bought it in a shop on level 2 of the Orcish Mines)
 36058 | Snake:1  | Entered Level 1 of the Snake Pit
 36341 | Snake:1  | Found a transporter.
 36410 | Snake:1  | Found a runed translucent gate.
 36410 | Snake:1  | Found a runed translucent gate.
 36410 | Snake:1  | Found a runed translucent gate.
 36510 | Snake:1  | Found a transporter.
 37423 | Snake:1  | Learned a level 4 spell: Fulminant Prism
 37526 | Snake:1  | HP: 2/138 [shock serpent/bolt of electricity (13)]
 37606 | Snake:1  | Noticed Gelion's ghost (journeyman DEFE)
 37669 | Shoals:1 | Entered Level 1 of the Shoals
 38417 | Shoals:1 | HP: 7/142 [poisoned by a swamp dragon (blast of poison)]
 38801 | Shoals:1 | Reached skill level 1 in Armour
 39239 | Shoals:1 | Found a runed translucent gate.
 39240 | Shoals:1 | Found a runed translucent gate.
 39241 | Shoals:1 | Found a runed translucent gate.
 39244 | Shoals:1 | Noticed Nefam's ghost (adept DsGl)
 41181 | Shoals:2 | Identified the +3 shortbow of Superiority {vorpal, rElec
                  | Will+ Int+4}
 41981 | Shoals:2 | Reached XP level 16. HP: 106/151 MP: 10/35
 42275 | Shoals:2 | Reached skill level 10 in Staves
 42694 | Shoals:3 | Reached skill level 5 in Hexes
 43377 | Shoals:3 | Identified the ring of Paranoia {Ice rN+ Str-4 Int+5}
 44525 | Shoals:4 | Entered Level 4 of the Shoals
 44529 | Shoals:4 | Noticed Ilsuiw
 44607 | Shoals:4 | Killed Ilsuiw
 46148 | Shoals:4 | Reached skill level 5 in Shields
 47580 | Shoals:4 | Found Wuvis's Jewellery Emporium.
 48209 | Shoals:4 | Reached XP level 17. HP: 90/158 MP: 7/36
 48408 | Shoals:4 | Identified the +2 broad axe of Nuanux {vorpal, rPois Will+}
 48774 | Shoals:4 | Reached ***** piety under Ashenzari
 49080 | Shoals:4 | Got a barnacled rune of Zot
 49595 | Snake:1  | Identified the +0 pair of gloves of Thoughtfulness {rElec
                  | Regen+ Str-2 SInv}
 51541 | Snake:2  | Noticed Saint Roka
 51573 | Snake:2  | HP: 2/238 [Saint Roka/divine providence (12)]
 51577 | Snake:2  | Slain by Saint Roka

Illustrated notes

Levels and vault maps discovered:
D:1:      dpeg_arrival_solitude, layout_loops_corners, grunt_decor_resistance
D:2:      minmay_skewed_foursquare, layout_basic,
          hellmonk_ecumenical_altar_blasted
D:3:      layout_rooms, uniq_ijyb, uniq_sigmund
D:4:      minmay_razor_zed, layout_rooms, mainiacjoe_overflow_paths,
          grunt_gozag_statues, minmay_temple_entry_antechambers, serial_shops,
          shop, uniq_menkaure
D:5:      layout_rooms
D:6:      layout_loops_ring, kennysheep_ying_yang, mainiacjoe_overflow_brackets,
          kennysheep_generic_room_6, uniq_duvessa
D:7:      layout_loops_cross, kennysheep_generic_room_7
D:8:      layout_loops_ring, overflow_temple_1_default,
          mainiacjoe_overflow_surrounded_room, serial_shops,
          nicolae_shop_behind_doors, nicolae_stop_n_shop_2,
          nicolae_shop_advertising_works [nicolae_subvault_shop_adworks],
          nicolae_shop_crystal, shop, kennysheep_generic_room_8, uniq_psyche
D:9:      layout_roguey, minmay_lair_entry_grove, hiddenorc1_lemuel, laboratory
Temple:   nicolae_temple_two_arcs
Lair:1:   layout_regular_city, minmay_holes, minivault_24, lemuel_fruit_tree,
          serial_bayou_shore_a
Lair:2:   layout_concentric_octagons, minmay_shoals_entry_centaurs
Lair:3:   minmay_guarded_unrand_snakebite, layout_cave_pods, serial_bayou_lake_a
Lair:4:   statuecave_lemuel, layout_misc_corridors,
          nicolae_slime_entry_slimehenge, infiniplex_staircase_pool
Lair:5:   hangedman_lair_caniforms_friends, layout_big_grid,
          nicolae_volcano_entry_batcave, st_stairs_5, grunt_megastairs_5
Shoals:1: layout_shoals, gammafunk_ghost_necromancy, nicolae_shoals_water_shrine
Shoals:2: layout_shoals
Shoals:3: layout_shoals
Shoals:4: shoals_end_grunt_ice, layout_shoals, shoals_ilsuiw_alternative,
          serial_shops, nicolae_lakefront_shop, nicolae_shoals_loop_pool
Snake:1:  layout_layer_cave, gammafunk_ghost_arena, nicolae_snake_horde_hoard
Snake:2:  layout_chambers, uniq_saint_roka
Orc:1:    layout_caves, minmay_orc_keep
Orc:2:    st_orc_pillars, layout_caves, serial_shops, shop, uniq_jorgrun,
          uniq_donald, uniq_maurice

Skill      XL: |  1  2  3  4  5  6  7  8  9 10 11 12 13 14 15 16 17 |
---------------+----------------------------------------------------+-----
Conjurations   | 2 4 5 8 9 |  9.6
Spellcasting   | 3 4 5 7 8 9 10 12 | 12.1
Fire Magic     | 4 5 6 7 9 10 11 12 | 12.3
Fighting       | 1 2 4 6 8 |  8.6
Hexes          | 1 3 4 7 |  7.4
Dodging        | 2 4 5 |  5.9
Air Magic      | 1 4 |  4.0
Translocations | 3 6 8 9 |  9.2
Earth Magic    | 1 5 6 8 |  8.6
Evocations     | 5 6 8 |  8.5
Staves         | 2 7 9 10 | 10.5
Shields        | 1 3 6 7 |  7.6
Armour         | 3 4 |  4.1
Stealth        | |  3.0

Action                   |  1- 3 |  4- 6 |  7- 9 | 10-12 | 13-15 | 16-18 || total
-------------------------+-------+-------+-------+-------+-------+-------++-------
Melee: Dagger            |    22 |    46 |    15 |       |       |       ||    83
       Unarmed           |     4 |       |       |       |       |       ||     4
       Staff             |       |       |    54 |   155 |   832 |   388 ||  1429
       Punch             |       |       |       |     1 |    13 |       ||    14
       Constrict         |       |       |       |       |   176 |    61 ||   237
 Cast: Foxfire           |    52 |    81 |    49 |   165 |   304 |    78 ||   729
       Scorch            |     2 |    18 |   104 |   185 |   274 |    94 ||   677
       Inner Flame       |       |     1 |     5 |    30 |    64 |    33 ||   133
       Flame Wave        |       |       |       |    11 |    12 |    24 ||    47
       Swiftness         |       |       |       |     8 |     6 |       ||    14
       Passage of Golubr |       |       |       |     7 |     8 |     2 ||    17
       Conjure Flame     |       |       |       |     1 |       |     1 ||     2
       Searing Ray       |       |       |       |       |    31 |     2 ||    33
       Passwall          |       |       |       |       |    15 |       ||    15
       Dispersal         |       |       |       |       |     4 |       ||     4
       Fulminant Prism   |       |       |       |       |    21 |    22 ||    43
Invok: Curse Item        |       |       |     2 |     3 |     4 |     1 ||    10
       Shatter the Chain |       |       |       |     1 |     1 |       ||     2
 Abil: Spit Poison       |    11 |     3 |     8 |    20 |    32 |    23 ||    97
Evoke: Wand              |       |       |     2 |     7 |    32 |     3 ||    44
       Box of beasts     |       |       |       |       |     3 |     1 ||     4
  Use: Scroll            |       |     3 |    10 |     2 |    13 |     3 ||    31
       Potion            |       |       |       |     2 |    17 |     2 ||    21
 Stab: Sleeping          |     1 |       |     1 |       |     1 |     4 ||     7
       Distracted        |       |       |       |       |     3 |       ||     3
Armor: Robe              |     7 |       |     5 |   114 |   440 |   164 ||   730
       Leather armour    |       |    38 |    37 |       |       |       ||    75
Dodge: Dodged            |    28 |    52 |    80 |   328 |  1209 |   415 ||  2112
Block: Buckler           |       |       |       |       |    97 |    44 ||   141
       Kite shield       |       |       |       |       |       |   253 ||   253
       Reflection        |       |       |       |       |       |    12 ||    12
